 Dungeon Crawl Stone Soup version 0.24-a0-549-g45f0056d81 (webtiles) character file.

Game seed: 1291632377600713935

7061 Jannitor the Archer (level 10, 0/53 HPs)
             Began as a Spriggan Abyssal Knight on Aug 19, 2019.
             Was a High Priest of Lugonu.
             Slain by a small abomination (22 damage)
             ... summoned by Lugonu's corruption
             ... on level 11 of the Dungeon.
             The game lasted 00:21:05 (11739 turns).

Jannitor the Archer (Spriggan Abyssal Knight)      Turns: 11739, Time: 00:21:06

Health: 0/53       AC:  5    Str: 11    XL:     10   Next: 83%
Magic:  6/12       EV: 25    Int: 15    God:    Lugonu [*****.]
Gold:   660        SH:  0    Dex: 15    Spells: 5/9 levels left

rFire    . . .     SeeInvis +   a - +3 dagger (speed)
rCold    . . .     Gourm    .   (shield restricted)
rNeg     . . .     Faith    .   d - +0 robe
rPois    +         Spirit   .   (helmet restricted)
rElec    .         Reflect  .   (no cloak)
rCorr    .         Harm     .   (gloves unavailable)
MR       +....                  (boots unavailable)
Stlth    ++++......             (no amulet)
HPRegen  0.17/turn              B - +3 ring of protection
MPRegen  0.13/turn              i - ring of poison resistance

@: very quick
A: very small, unfitting armour, see invisible, herbivore, speed 3, slow
metabolism 2
a: Depart the Abyss, Bend Space, Banish, Corrupt, Enter the Abyss, Renounce
Religion


You were on level 11 of the Dungeon.
You worshipped Lugonu.
Lugonu was extremely pleased with you.
You were not hungry.

You visited 1 branch of the dungeon, and saw 11 of its levels.
You visited the Abyss 1 time.
You also visited: Bailey.

You collected 660 gold pieces.

Inventory:

Hand Weapons
 a - a +3 dagger of speed (weapon)
 b - the +8 shortbow "Ucwaol" {flame, Str+2}
   (You found it on level 2 of the Abyss)

   It causes projectiles fired from it to burn those they strike, causing extra
   injury to most foes and up to half again as much damage against particularly
   susceptible opponents.
   It affects your strength (+2).
Missiles
 p - 13 arrows
 A - 67 boomerangs (quivered)
Armour
 d - a +0 robe (worn)
 n - a +0 buckler
Jewellery
 e - an uncursed ring of protection from magic
 i - a ring of poison resistance (right hand)
 j - a +3 ring of intelligence
 m - an uncursed ring of protection from fire
 o - an uncursed ring of magical power
 B - a +3 ring of protection (left hand)
Wands
 w - a wand of polymorph (1)
 z - a wand of flame (19)
Scrolls
 g - 5 scrolls of remove curse
 k - 2 scrolls of amnesia
 l - a scroll of acquirement {unknown}
 q - 4 scrolls of enchant weapon
 r - 2 scrolls of magic mapping
 x - a scroll of fear
 y - a scroll of fog
 G - 2 scrolls of identify
 I - a scroll of teleportation {unknown}
Potions
 f - 4 potions of flight
 h - 2 potions of might
 s - a potion of agility
 t - 3 potions of heal wounds
 u - 2 potions of degeneration {unknown}
 v - 2 potions of haste
 C - a potion of brilliance {unknown}
 D - 6 potions of curing
 E - 4 potions of mutation
 F - a potion of magic {unknown}
 H - a potion of cancellation {unknown}
Comestibles
 c - 9 rations


   Skills:
 + Level 6.3 Fighting
 + Level 8.0 Short Blades
 * Level 11.5 Bows
 + Level 10.5 Dodging
 + Level 9.3 Stealth
 - Level 1.8 Invocations


You had 5 spell levels left.
You knew the following spells:

 Your Spells              Type           Power        Failure   Level  Hunger
a - Force Lance           Conj/Tloc      #.......     95%         4    #####..

Your spell library contained the following spells:

 Spells                   Type           Power        Failure   Level  Hunger
 Magic Dart               Conj           #...         26%         1    ##.....
 Summon Small Mammal      Summ           #...         26%         1    ##.....
 Call Imp                 Summ           #.......     38%         2    ###....
 Searing Ray              Conj           #.....       38%         2    ###....
 Call Canine Familiar     Summ           #.......     63%         3    ####...
 Dazzling Spray           Conj/Hex       #.....       63%         3    ####...
 Summon Guardian Golem    Hex/Summ       #.......     63%         3    ####...
 Fulminant Prism          Conj/Hex       #.........   95%         4    #####..
 Iskenderun's Mystic Bla  Conj           #.......     95%         4    #####..
 Summon Ice Beast         Ice/Summ       #.......     95%         4    #####..
 Summon Lightning Spire   Summ/Air       #.......     95%         4    #####..


Dungeon Overview and Level Annotations

Branches:
Dungeon (11/15)            Temple (0/1) D:6            Lair (0/6) D:8
    Orc: D:9-12

Altars:
Hepliaklqana
Kikubaaqudgha
Nemelex Xobeh
Okawaru
Ru
Uskayaw
The Shining One

Annotations:
D:3 1 runed translucent door, Crazy Yiuf
D:4 Robin
D:7 1 runed translucent door, Wolfram's ghost, novice DDFi
D:10 Urug
D:11 corrupted, Gastronok


Innate Abilities, Weirdness & Mutations

You are very small and have problems with some larger weapons.
You are too small for most types of armour.
You have supernaturally acute eyesight. (SInv)
You are a herbivore.
You cover ground extremely quickly.
You need to consume almost no food.


Message History

A starcursed mass splits.
Something barely misses Harold.
The killer bee barely misses you.
Harold zaps a wand.
The bolt of acid hits the titan simulacrum!
The titan simulacrum is splashed with acid.
The acid corrodes the titan simulacrum!
The bolt of acid misses you. The killer bee stings you!
A puff of frost appears from out of your range of vision.
The puff of frost hits Harold.
Something hits Harold!
The raiju bursts into living lightning!
The living lightning hits the killer bee!
The killer bee dies!
The raiju blinks!
The insubstantial wisp blinks!
The titan simulacrum hits Harold!
Harold dies!
There is a stone staircase leading up here.
You see here a throwing net.
The titan simulacrum is no longer covered in acid.
The small abomination hits you!!
You die...

#...≈..#.#≈≈≈≈≈≈
≈≈.≈≈##......≈≈≈≈
≈≈≈#≈.x...#.≈..≈≈
#.#......X#.≈..≈
#.#3...X..##.≈≈.≈
≈......G#.#≈.≈.≈≈
≈≈#.#Z...#p##≈≈≈
≈≈#.Y.h.x#..#.≈≈
#.....#v@X#X..≈.≈
..5.###.W##.5.#≈≈
.≈≈≈≈..3#...#≈≈≈≈
≈≈≈≈..#...#≈..≈≈≈
≈≈..#.#...#...≈≈≈
≈.≈5X.##.....≈≈≈
.≈≈.≈.≈≈.≈≈≈..≈≈
≈.≈≈..≈≈.≈≈≈≈≈≈


You could see 3 neutral starcursed masses, a neutral tentacled starspawn
(wandering), a neutral glowing orange brain (wandering), a neutral large
abomination (wandering), a neutral freezing wraith (wandering), a neutral
necromancer (wandering), a neutral smoke demon (wandering), a neutral raiju
(wandering), a neutral ynoxinul (wandering), a neutral ice beast (wandering), 2
neutral small abominations, a neutral insubstantial wisp (wandering), a neutral
white imp (wandering), a neutral titan simulacrum (wandering) and a neutral
ufetubus (wandering).

Vanquished Creatures
  An orc knight (Bailey)
  An elephant (D:10)
  A troll (D:10)
  A meliai zombie (D:10)
  2 hippogriffs
  2 wraiths (D:10)
  11 yaks
  A hungry ghost (D:8)
  Duvessa (D:4)
  3 sky beasts
  2 orc warriors (D:8)
  An ice beast (D:8)
  2 necrophages
  4 ogres
  A crocodile (D:7)
  3 big kobolds
  3 bullfrogs
  Dowan (D:4)
  A wyvern zombie (D:10)
  A wyvern skeleton (D:11)
  A scorpion (D:11)
  3 wights
  4 howler monkeys
  A bullfrog zombie (D:5)
  6 crimson imps
  4 hounds
  A jelly (D:9)
  3 orc priests
  2 centaur skeletons
  Jessica (D:3)
  2 iguanas
  Ijyb (D:3)
  5 orc wizards
  6 worker ants
  3 worker ant zombies
  12 gnolls
  9 adders
  4 shadow imps
  2 oozes (D:2)
  4 adder zombies
  An adder skeleton (D:5)
  2 worms
  2 dart slugs
  6 leopard geckos
  37 orcs
  6 bats
  6 giant cockroaches
  9 goblins
  20 hobgoblins
  11 jackals
  33 kobolds
  6 quokkas
  6 frilled lizards
  A giant cockroach zombie (D:6)
  7 rats
  A toadstool (D:9)
271 creatures vanquished.

Vanquished Creatures (collateral kills)
  4 gnolls (Bailey)
  A hobgoblin (Bailey)
  A kobold (Bailey)
6 creatures vanquished.

Vanquished Creatures (others)
  Harold (D:11)
  A killer bee (D:11)
  5 toadstools (D:9)
7 creatures vanquished.

Grand Total: 284 creatures vanquished

Notes
Turn   | Place    | Note
-------+----------+-------------------------------------------
     0 | Abyss:1  | Jannitor the Spriggan Abyssal Knight began the quest for
                  | the Orb.
     0 | Abyss:1  | Reached XP level 1. HP: 11/11 MP: 3/3
    71 | Abyss:2  | Got a slimy shortbow
    72 | Abyss:2  | Identified the +8 shortbow "Ucwaol" {flame, Str+2} (You
                  | found it on level 2 of the Abyss)
    93 | Abyss:2  | Noticed a small abomination
   119 | Abyss:3  | Noticed a thrashing horror
   122 | D:1      | Escaped the Abyss
   413 | D:1      | Found a glowing golden altar of the Shining One.
   430 | D:1      | Reached skill level 1 in Bows
   430 | D:1      | Reached XP level 2. HP: 13/16 MP: 4/4
   712 | D:1      | Reached * piety under Lugonu
  1124 | D:1      | Reached XP level 3. HP: 19/19 MP: 5/5
  1756 | D:2      | Reached skill level 2 in Bows
  1787 | D:2      | Reached XP level 4. HP: 23/23 MP: 6/6
  1935 | D:2      | Reached ** piety under Lugonu
  1961 | D:2      | Reached skill level 3 in Bows
  2051 | D:2      | Reached XP level 5. HP: 21/28 MP: 7/7
  2314 | D:2      | Learned a level 4 spell: Force Lance
  2329 | D:3      | Noticed Ijyb
  2335 | D:3      | Killed Ijyb
  2466 | D:3      | Noticed Jessica
  2468 | D:3      | Killed Jessica
  2468 | D:3      | Reached skill level 5 in Dodging
  2555 | D:3      | Found a runed translucent door.
  2556 | D:3      | Noticed Crazy Yiuf
  2943 | D:4      | Reached skill level 4 in Bows
  3259 | D:4      | Reached XP level 6. HP: 32/32 MP: 8/8
  3310 | D:4      | Noticed Duvessa
  3331 | D:4      | Killed Duvessa
  3332 | D:4      | Noticed Dowan
  3339 | D:4      | Killed Dowan
  3398 | D:4      | Reached *** piety under Lugonu
  3427 | D:4      | Noticed Robin
  3471 | D:5      | Entered Level 5 of the Dungeon
  3575 | D:5      | Reached skill level 5 in Bows
  3691 | D:5      | Noticed a sky beast
  3712 | D:5      | Killed a sky beast
  3712 | D:5      | Reached XP level 7. HP: 31/37 MP: 9/9
  3874 | D:5      | Found a sparkling altar of Nemelex Xobeh.
  3941 | D:5      | Reached skill level 1 in Stealth
  5511 | D:6      | Reached skill level 6 in Bows
  5651 | D:7      | Found a runed translucent door.
  5651 | D:7      | Noticed Wolfram's ghost (novice DDFi)
  5742 | D:7      | Reached **** piety under Lugonu
  5882 | D:7      | Found a hazy altar of Hepliaklqana.
  5882 | D:7      | Found a hide-covered altar of Uskayaw.
  5887 | D:7      | Found a faded altar of an unknown god.
  5889 | D:7      | Found an ancient bone altar of Kikubaaqudgha.
  5891 | D:7      | Found a glowing golden altar of the Shining One.
  6125 | D:6      | Reached skill level 5 in Short Blades
  6125 | D:6      | Reached XP level 8. HP: 42/42 MP: 10/10
  6308 | D:6      | Reached skill level 7 in Bows
  6580 | D:6      | Found a staircase to the Ecumenical Temple.
  6681 | D:7      | Noticed a hippogriff
  6695 | D:7      | Killed a hippogriff
  7040 | D:7      | Reached skill level 5 in Stealth
  7191 | D:8      | Reached skill level 8 in Bows
  7238 | D:8      | Reached XP level 9. HP: 46/46 MP: 11/11
  7257 | D:8      | Found a staircase to the Lair.
  7315 | D:8      | Found a flagged portal.
  7378 | Bailey   | Entered a bailey
  7578 | Bailey   | Noticed an orc knight
  7710 | Bailey   | Killed an orc knight
  7710 | Bailey   | Reached skill level 5 in Fighting
  7710 | Bailey   | Reached skill level 9 in Bows
  7886 | D:8      | Found an iron altar of Okawaru.
  7923 | D:8      | Reached ***** piety under Lugonu
  8389 | D:8      | Found a sacrificial altar of Ru.
  9062 | D:9      | Reached skill level 10 in Bows
  9069 | D:9      | Reached XP level 10. HP: 51/51 MP: 12/12
  9663 | D:10     | Entered Level 10 of the Dungeon
  9823 | D:10     | Reached skill level 10 in Dodging
  9861 | D:10     | Reached skill level 11 in Bows
  9988 | D:10     | Noticed an unseen horror
  9993 | D:10     | Noticed an elephant
  9993 | D:10     | an unseen horror changed into an elephant
 10180 | D:10     | Killed an elephant
 10335 | D:10     | Noticed Urug
 11145 | D:11     | Noticed Gastronok
 11696 | D:11     | Noticed Harold
 11727 | D:11     | Corrupted D:11
 11727 | D:11     | Noticed a starcursed mass
 11727 | D:11     | Noticed a necromancer
 11727 | D:11     | Noticed a tentacled starspawn
 11727 | D:11     | Noticed a shadow demon
 11729 | D:11     | Noticed a glowing orange brain
 11731 | D:11     | Noticed a smoke demon
 11733 | D:11     | Killed Harold
 11739 | D:11     | Slain by a small abomination

Levels and vault maps discovered:
D:1:      minmay_arrival_four_loops, layout_basic, tso_metal_star
D:2:      layout_rooms, corexii_hall_statues_x
D:3:      layout_basic, minmay_checkerbox, uniq_crazy_yiuf_cottage, uniq_ijyb,
          uniq_jessica
D:4:      layout_basic, first_ration, minivault_14, uniq_duvessa, uniq_robin,
          uniq_menkaure
D:5:      layout_gridville, minmay_holes, nemelex_xobeh_ov_fountains_minmay
D:6:      layout_loops_cross, temple_hall, eino_tiny_chamber
D:7:      layout_rooms, chequers_temple_overflow_minitemple,
          hellmonk_ghost_happy_afterlife
D:8:      layout_loops_cross, lair_entry_dummy, enter_bailey_2, basic_altar,
          grunt_ogre_cave, minmay_splitting_lines, kennysheep_okawaru_gauntlet
D:9:      layout_stronghold, minmay_gold_behind_fungi
D:10:     layout_roguey [special_room_orc], uniq_urug
D:11:     layout_cross, uniq_gastronok, uniq_harold

Skill      XL: |  1  2  3  4  5  6  7  8  9 10 |
---------------+-------------------------------+-----
Bows           | 1 2 3 4 5 6 8 10 11 | 11.5
Dodging        | 4 5 6 8 9 10 | 10.5
Short Blades   | 3 4 5 7 8 |  8.0
Fighting       | 3 4 5 6 |  6.3
Stealth        | 3 5 7 9 |  9.3
Invocations    | |  1.8

Action                   |  1- 3 |  4- 6 |  7- 9 | 10-12 || total
-------------------------+-------+-------+-------+-------++-------
Melee: Short sword       |   119 |    34 |   424 |       ||   577
       Dagger            |       |       |   118 |   239 ||   357
 Fire: Shortbow          |     8 |   101 |   137 |    96 ||   342
Throw: Boomerang         |       |       |       |     1 ||     1
Invok: Depart the Abyss  |     1 |       |       |       ||     1
       Corrupt           |       |       |       |     1 ||     1
Evoke: Wand              |       |       |    18 |     2 ||    20
  Use: Scroll            |     1 |       |    14 |       ||    15
       Potion            |       |       |    14 |     2 ||    16
 Stab: Sleeping          |     1 |       |     8 |     3 ||    12
       Paralysed         |       |       |    10 |       ||    10
       Invisible         |       |       |     3 |       ||     3
       Distracted        |       |       |     1 |       ||     1
  Eat: Ration            |       |       |     3 |     3 ||     6
Armor: Robe              |     9 |     4 |    25 |    15 ||    53
       Skin              |       |       |       |    23 ||    23
Dodge: Dodged            |   109 |    52 |   433 |   179 ||   773

Table legend:
 A = Non-vault XP
 B = Vault XP
 C = Vault XP percentage of total XP
 D = Non-vault monster count
 E = Vault monster count
 F = Vault count percentage of total count
                 A         B        C        D         E       F
            +---------+---------+-------+---------+---------+-------
      Total |    8845 |    1243 |  12.3 |     219 |      57 |  20.7
            +---------+---------+-------+---------+---------+-------
        D:1 |      45 |       0 |   0.0 |      25 |       0 |   0.0
        D:2 |     159 |       0 |   0.0 |      25 |       0 |   0.0
        D:3 |      40 |      82 |  67.2 |      14 |       6 |  30.0
        D:4 |      57 |     238 |  80.7 |       5 |       8 |  61.5
        D:5 |     353 |       0 |   0.0 |      18 |       0 |   0.0
        D:6 |     779 |       0 |   0.0 |      25 |       0 |   0.0
        D:7 |     727 |       0 |   0.0 |      16 |       0 |   0.0
        D:8 |    1722 |     119 |   6.5 |      42 |       2 |   4.5
        D:9 |    1410 |       0 |   0.0 |      16 |       0 |   0.0
       D:10 |    3281 |      21 |   0.6 |      25 |       7 |  21.9
       D:11 |     272 |       0 |   0.0 |       8 |       0 |   0.0
     Bailey |       0 |     783 | 100.0 |       0 |      34 | 100.0
            +---------+---------+-------+---------+---------+-------
